Map: Tokamak LE

Players

ManlyManMeat - Winner!

  • Race: Zerg Zerg
  • League: Diamond
  • Spawn Location: 7:00

Shinryo

  • Race: Terran Terran
  • League: Platinum
  • Spawn Location: 1:00

VOD

Have the link to the VOD?

Description

Time

  • Played on: July 5, 2025, 5:40 p.m.
  • Length: 10:17
Show
View Real Time Build Order
Export as new Build Order

ManlyManMeat Zerg - Winner!

Build Orders: Hatch First 

Get SALT Encoding   

  12  0:00  Drone  
  13  0:08  Drone  
  13  0:13  Extractor  
  13  0:15  Drone  
  15  0:22  Overlord  
  15  0:41  Drone  
  16  0:47  Hatchery  
  16  0:49  Drone  
  16  0:53  Drone  
  17  0:57  Drone  
  18  1:08  Extractor  
  17  1:13  Spawning Pool  
  17  1:16  Drone  
  17  1:19  Drone  
  18  1:26  Drone  
  20  1:40  Drone  
  20  2:00  Queen x2  
  20  2:01  Zergling x4  
  26  2:02  Overlord  
  26  2:09  Drone  
  26  2:11  Drone  
  28  2:27  Metabolic Boost  
  28  2:43  Drone x2, Hatchery  
  28  2:44  Drone x2  
  31  2:48  Drone x2  
  33  3:12  Overlord  
  33  3:14  Overlord  
  33  3:18  Drone  
  33  3:19  Drone x2  
  36  3:23  Baneling Nest  
  35  3:32  Drone x4  
  39  3:38  Roach Warren  
  39  3:40  Drone  
  39  3:43  Extractor, Queen  
  39  3:45  Queen  
  42  3:50  Drone x2  
  42  3:54  Zergling x4  
  46  4:04  Queen  
  47  4:20  Overlord x2  
  47  4:22  Zergling x14  
  54  4:26  Lair  
  54  4:35  Overlord  
  54  4:36  Overlord  
  54  4:44  Baneling x7  
  54  4:47  Drone x3  
  54  4:48  Drone  
  58  5:19  Drone x2, Extractor  
  58  5:20  Drone  
  60  5:23  Zergling x20  
  60  5:26  Spore Crawler  
  60  5:27  Hatchery, Spore Crawler  
  62  5:49  Overlord x3  
  62  5:57  Baneling x5  
  62  5:58  Centrifugal Hooks  
  62  6:00  Drone x3  
  62  6:01  Drone x2, Evolution Chamber  
  62  6:03  Evolution Chamber  
  65  6:13  Drone x4  
  65  6:14  Infestation Pit  
  68  6:21  Zergling x8  
  62  6:40  Roach x6  
  72  6:52  Zergling x16  
  80  7:01  Roach x4  
  80  7:06  Drone x3  
  89  7:12  Drone x3  
  92  7:24  Drone  
  92  7:25  Drone x6  
  99  7:44  Infestor x3, Roach x3  
  111  7:51  Zerg Melee Weapons Level 1  
  111  7:52  Spire  
  110  8:05  Overlord x2  
  110  8:06  Overlord x3  
  110  8:12  Baneling x6  
  110  8:38  Overseer x3  
  110  8:41  Zergling x2  
  110  8:42  Zergling x26  
  110  8:43  Hatchery x2  
  110  8:47  Roach x2  
  126  9:02  Roach x5  
  141  9:24  Zergling x2, Overlord x2, Roach x3  
  141  9:25  Overlord x5  
  120  9:46  Zergling x30  
  120  9:47  Zergling x8  
  136  9:53  Zergling x6  
Show
View Real Time Build Order
Export as new Build Order

Shinryo Terran 

Build Orders: Gas First Reaper Expand 

Get SALT Encoding   

  12  0:00  SCV  
  13  0:15  SCV  
  13  0:18  Supply Depot  
  14  0:26  Refinery  
  14  0:42  Barracks  
  14  0:49  SCV  
  15  1:01  SCV  
  16  1:13  SCV  
  17  1:25  SCV  
  18  1:33  Supply Depot  
  18  1:36  Factory  
  18  1:40  Refinery, Orbital Command  
  18  1:49  Reaper  
  19  2:06  SCV  
  20  2:18  SCV  
  20  2:33  Hellion, Command Center  
  22  2:42  Marine  
  23  2:48  Supply Depot  
  23  2:53  Engineering Bay  
  22  3:04  Marine  
  23  3:07  Widow Mine  
  23  3:09  SCV  
  26  3:20  Barracks  
  26  3:27  Starport  
  26  3:37  SCV  
  26  3:40  Widow Mine  
  29  3:45  Terran Infantry Weapons Level 1  
  29  3:52  Barracks Tech Lab  
  29  3:53  SCV  
  30  3:56  Supply Depot  
  30  4:06  Orbital Command  
  30  4:14  SCV  
  30  4:15  Medivac  
  33  4:21  Stimpack  
  33  4:25  Marine  
  33  4:27  Marine  
  35  4:35  SCV  
  35  4:38  Widow Mine  
  38  4:43  Marine  
  39  4:46  Marine, SCV  
  39  4:52  SCV  
  42  4:53  Barracks  
  42  4:59  SCV  
  43  5:01  Supply Depot, Factory Tech Lab  
  43  5:09  Factory  
  43  5:11  SCV  
  44  5:16  Armory  
  44  5:18  SCV  
  45  5:24  SCV  
  46  5:42  Marine x2  
  46  5:43  SCV  
  48  5:55  SCV  
  48  5:56  SCV  
  50  5:57  Siege Tank  
  50  5:58  Factory Tech Lab  
  50  5:59  Starport Reactor  
  50  6:00  Barracks Reactor  
  50  6:03  Combat Shield  
  53  6:08  SCV  
  53  6:09  SCV  
  55  6:13  Terran Infantry Armor Level 1  
  55  6:14  Terran Vehicle Weapons Level 1  
  55  6:17  Supply Depot  
  55  6:18  Supply Depot  
  55  6:20  SCV  
  55  6:22  SCV  
  57  6:29  Command Center, Reaper  
  44  6:38  Marine x2  
  44  6:39  Supply Depot  
  38  6:46  Orbital Command  
  36  6:59  SCV  
  36  7:00  Siege Tank x2  
  41  7:10  Starport  
  41  7:11  SCV  
  41  7:15  SCV  
  43  7:26  SCV  
  44  7:32  Hellion, Siege Tank  
  44  7:34  Marine x2  
  44  7:36  Barracks Reactor  
  51  7:40  SCV  
  52  7:47  Starport Tech Lab  
  52  7:53  Orbital Command  
  52  7:55  SCV  
  53  8:00  Missile Turret, Siege Tank  
  56  8:09  Supply Depot  
  56  8:10  Supply Depot  
  56  8:16  SCV  
  56  8:17  SCV  
  56  8:19  SCV  
  59  8:20  Marine x4  
  59  8:24  Raven  
  65  8:28  SCV  
  65  8:29  SCV  
  65  8:30  Marine  
  65  8:31  SCV  
  69  8:38  Refinery, Marine  
  69  8:40  Refinery, SCV  
  71  8:41  SCV  
  71  8:42  Refinery  
  71  8:43  SCV  
  71  8:47  Supply Depot  
  73  8:49  Supply Depot  
  73  8:54  SCV x2  
  75  8:57  Widow Mine  
  75  8:58  Widow Mine  
  75  9:02  Marine x4  
  83  9:04  SCV  
  83  9:06  Medivac  
  87  9:10  SCV  
  87  9:15  Supply Depot  
  87  9:22  SCV  
  87  9:24  Siege Tank  
  91  9:25  Marine x3  
  91  9:26  Marauder, Marine  
  74  9:48  Marine x2  
  74  9:49  Marauder, Marine x2  
Tags
 
Add a new tag
Caveats
  • Supply blocks, unpowered buildings, or Contaminate may cause inaccurate times.
  • Supply counts are checked every 10 seconds.